 Dungeon Crawl Stone Soup version 0.30-a0-476-g330ca2eb8e (webtiles) character file.

Game seed: 5262998057737278299

212 NinjaNoafa the Thaumaturge (level 5, -2/41 HPs)
             Began as a Gnoll Wanderer on Dec 21, 2022.
             Slain by Grinder (6 damage)
             ... on level 3 of the Dungeon on Dec 22, 2022.
             The game lasted 00:16:57 (3749 turns).

NinjaNoafa the Thaumaturge (Gnoll Wanderer)         Turns: 3749, Time: 00:16:57

Health: -2/41      AC: 12    Str:  9    XL:     5   Next: 89%
Magic:  16/16      EV: 13    Int: 14    God:
Gold:   118        SH:  0    Dex: 13    Spells: 20/22 levels left

rFire   . . .      SeeInvis .    s - +0 falchion (flame)
rCold   . . .      Faith    .    (no shield)
rNeg    . . .      Spirit   .    d - +0 robe
rPois   +          Reflect  .    r - +2 helmet
rElec   .          Harm     .    b - +0 cloak
rCorr   .          Rampage  .    n - +2 pair of gloves
Will    .....                    a - +2 pair of boots
Stlth   +++.......               (no amulet)
HPRegen 0.26/turn                j - ring of poison resistance
MPRegen 0.15/turn                (no ring)

@: about to teleport
A: fangs 1, strong nose, distributed training
a: no special abilities


You were on level 3 of the Dungeon.
You visited 1 branch of the dungeon, and saw 3 of its levels.

You collected 118 gold pieces.

Inventory:

Hand Weapons
 e - a +0 short sword of protection
 s - a +0 falchion of flaming (weapon)
Missiles
 f - 28 stones
Armour
 a - a +2 pair of boots (worn)
 b - a +0 cloak (worn)
 d - a +0 robe (worn)
 n - a +2 pair of gloves (worn)
 r - a +2 helmet (worn)
Jewellery
 j - a ring of poison resistance (left hand)
Scrolls
 c - a scroll of fog
 g - a scroll of amnesia
 h - a scroll of brand weapon {unknown}
 i - a scroll of immolation {unknown}
 k - a scroll of teleportation
 l - a scroll of silence {unknown}
 o - a scroll of identify {unknown}
Potions
 m - 3 potions of ambrosia {unknown}
 p - a potion of flight {unknown}
 q - a potion of brilliance {unknown}
 t - a potion of heal wounds {unknown}


   Skills:
 + Level 3.1 Fighting
 + Level 1.7 Short Blades
 + Level 1.7 Long Blades
 + Level 1.7 Axes
 + Level 1.7 Maces & Flails
 + Level 1.7 Polearms
 + Level 1.7 Staves
 + Level 1.7 Ranged Weapons
 + Level 1.7 Throwing
 + Level 1.7 Armour
 + Level 3.1 Dodging
 + Level 6.2 Stealth
 + Level 1.7 Shields
 + Level 1.7 Unarmed Combat
 + Level 9.4 Spellcasting
 + Level 1.3 Conjurations
 + Level 1.3 Hexes
 + Level 1.3 Summonings
 + Level 1.3 Necromancy
 + Level 1.3 Translocations
 + Level 1.3 Transmutations
 + Level 1.3 Fire Magic
 + Level 1.3 Ice Magic
 + Level 1.3 Air Magic
 + Level 1.3 Earth Magic
 + Level 1.3 Poison Magic
 + Level 2.0 Invocations
 + Level 1.7 Evocations


You had 20 spell levels left.
You knew the following spells:

 Your Spells              Type           Power      Damage    Failure   Level
a - Magic Dart            Conj           40%        1d5       6%          1
b - Shock                 Conj/Air       40%        1d5       6%          1

Your spell library contained the following spells:

 Spells                   Type           Power      Damage    Failure   Level
 Sublimation of Blood     Necr           10%        N/A       10%         2
 Call Canine Familiar     Summ           10%        N/A       19%         3
 Swiftness                Air            10%        N/A       19%         3
 Vhi's Electric Charge    Tloc/Air       20%        N/A       19%         3
 Airstrike                Air            5%         2d(1-17)  52%         4
 Animate Armour           Summ/Erth      20%        N/A       52%         4
 Blade Hands              Tmut           5%         N/A       86%         5
 Iron Shot                Conj/Erth      5%         9d2       100%        6


Dungeon Overview and Level Annotations

Branches:
Dungeon (3/15)

Altars:

Annotations:
D:3 Grinder, Ijyb


Innate Abilities, Weirdness & Mutations

You have very sharp teeth.
Your uncanny sense of smell can sniff out nearby items.
Your experience applies equally to all skills.


Message History

There is an escape hatch in the ceiling here.
Key pressed, stopping explore.
Things that are here:
a +0 whip; a +0 leather armour Key pressed, stopping explore.
You see here a +0 dagger.
Grinder comes into view.
She is carrying a wand of polymorph (6).
The helpless Grinder fails to defend herself.
You slash Grinder! You burn Grinder.
Grinder is moderately wounded.
Grinder gestures at you. Pain shoots through your body!
You barely miss Grinder.
Grinder is moderately wounded.
Grinder gestures at you. Pain shoots through your body!
Grinder says, "There's only one good use for a tongue: cutting it out."
Grinder gestures at you. Pain shoots through your body!
* * * LOW HITPOINT WARNING * * *
You barely miss Grinder.
Grinder is moderately wounded.
Grinder gestures at you. You resist with significant effort.
As you read the scroll labelled RIQAUJ ITENYO, it crumbles to dust.
It is a scroll of amnesia.
Really abort (and waste the scroll)? [Y]es or [N]o only, please.
Really abort (and waste the scroll)?
Okay, then.
Grinder zaps a wand.
You resist with some effort.
As you read the scroll labelled DAYGUT HUVARPH, it crumbles to dust.
You feel strangely unstable.
It was a scroll of teleportation.
Grinder hits you.
* * * LOW HITPOINT WARNING * * *
Grinder attacks as you move away! Grinder barely misses you.
Grinder attacks as you move away! Grinder hits you.
* * * LOW HITPOINT WARNING * * *
You writhe in agony.
You die...

#.>##.# #.########.#.. #####.#
#.#.....##.#.# #.#
#.#.###.##.#.#
#.#####.#.#<#.##.#.#
#.......#.#)#.##.#.# ∆
#########.#.#.##.#.# #.########
#.#.#.##.#.# #......5.#
#.#.#.##.#.. ########@#
#...#.##.### #.#########.##.#
#.#.......#.##.#
#.#.#####.#.##.# #.#.# #.#.##.#
#.#.# #.#.##.###
.##############.#.# #.#)#....#
.g...........##.#.#####.#)##.#.#
############.##.#....##.#)####.#


You could see Grinder.

Vanquished Creatures
  A hound (D:3)
  Natasha (twice) (D:3)
  Robin (D:3)
  3 adders (D:3)
  A dart slug (D:3)
  10 orcs
  3 endoplasms
  3 giant cockroaches (D:3)
  11 goblins
  10 hobgoblins
  2 jackals (D:1)
  6 quokkas
  2 ball pythons
  4 bats
  10 frilled lizards
  4 kobolds
  6 rats
79 creatures vanquished.

Vanquished Creatures (others)
  5 plants (D:1)
5 creatures vanquished.

Grand Total: 84 creatures vanquished

Notes
Turn   | Place    | Note
-------+----------+-------------------------------------------
     0 | D:1      | Reached skill level 9 in Spellcasting
     0 | D:1      | NinjaNoafa the Gnoll Wanderer began the quest for the Orb.
     0 | D:1      | NinjaNoafa set off with the following items: a +0 dagger, a
                  | +0 cloak, a scroll of fog, a +0 robe, a potion of
                  | lignification; and the following spell memorised: Magic
                  | Dart; and the following spells available to memorise:
                  | Sublimation of Blood, Call Canine Familiar, Vhi's Electric
                  | Charge.
     0 | D:1      | Reached XP level 1. HP: 17/17 MP: 10/10
   242 | D:1      | Reached XP level 2. HP: 23/23 MP: 7/12
   821 | D:1      | Reached XP level 3. HP: 28/28 MP: 6/13
  1346 | D:2      | Reached skill level 1 in Invocations
  2120 | D:3      | Noticed Robin
  2161 | D:2      | Reached skill level 1 in Short Blades
  2161 | D:2      | Reached skill level 1 in Long Blades
  2161 | D:2      | Reached skill level 1 in Axes
  2161 | D:2      | Reached skill level 1 in Maces & Flails
  2161 | D:2      | Reached skill level 1 in Polearms
  2161 | D:2      | Reached skill level 1 in Staves
  2161 | D:2      | Reached skill level 1 in Ranged Weapons
  2161 | D:2      | Reached skill level 1 in Throwing
  2161 | D:2      | Reached skill level 1 in Armour
  2161 | D:2      | Reached skill level 1 in Shields
  2161 | D:2      | Reached skill level 1 in Unarmed Combat
  2161 | D:2      | Reached skill level 1 in Evocations
  2604 | D:3      | Reached XP level 4. HP: 29/34 MP: 15/15
  2641 | D:3      | Killed Robin
  2654 | D:3      | Reached skill level 1 in Conjurations
  2654 | D:3      | Reached skill level 1 in Hexes
  2654 | D:3      | Reached skill level 1 in Summonings
  2654 | D:3      | Reached skill level 1 in Necromancy
  2654 | D:3      | Reached skill level 1 in Translocations
  2654 | D:3      | Reached skill level 1 in Transmutations
  2654 | D:3      | Reached skill level 1 in Fire Magic
  2654 | D:3      | Reached skill level 1 in Ice Magic
  2654 | D:3      | Reached skill level 1 in Air Magic
  2654 | D:3      | Reached skill level 1 in Earth Magic
  2654 | D:3      | Reached skill level 1 in Poison Magic
  2776 | D:3      | Noticed Ijyb
  2939 | D:3      | Reached XP level 5. HP: 40/40 MP: 16/16
  3007 | D:3      | Learned a level 1 spell: Shock
  3429 | D:3      | Noticed Natasha
  3436 | D:3      | Killed Natasha
  3507 | D:3      | Noticed Natasha
  3510 | D:3      | Killed Natasha
  3741 | D:3      | Noticed Grinder
  3749 | D:3      | Slain by Grinder

Illustrated notes

Levels and vault maps discovered:
D:1:      dpeg_arrival_simpleton_c, layout_loops_corners, minmay_lizard_king
D:2:      layout_basic
D:3:      layout_basic, minivault_27, patterned_corridor, uniq_ijyb,
          uniq_crazy_yiuf_cottage, uniq_natasha, uniq_robin, uniq_grinder

Skill      XL: |  1  2  3  4  5 |
---------------+----------------+-----
Spellcasting   | |  9.4
Stealth        | 6 |  6.2
Invocations    | 1 2 |  2.0
Short Blades   | 1 |  1.7
Long Blades    | 1 |  1.7
Axes           | 1 |  1.7
Maces & Flails | 1 |  1.7
Polearms       | 1 |  1.7
Staves         | 1 |  1.7
Ranged Weapons | 1 |  1.7
Throwing       | 1 |  1.7
Armour         | 1 |  1.7
Shields        | 1 |  1.7
Unarmed Combat | 1 |  1.7
Evocations     | 1 |  1.7
Conjurations   | 1 |  1.3
Hexes          | 1 |  1.3
Summonings     | 1 |  1.3
Necromancy     | 1 |  1.3
Translocations | 1 |  1.3
Transmutations | 1 |  1.3
Fire Magic     | 1 |  1.3
Ice Magic      | 1 |  1.3
Air Magic      | 1 |  1.3
Earth Magic    | 1 |  1.3
Poison Magic   | 1 |  1.3
Fighting       | 3 |  3.1
Dodging        | 3 |  3.1

Action                   |  1- 3 |  4- 6 || total
-------------------------+-------+-------++-------
Melee: Dagger            |    99 |       ||    99
       Bite              |     6 |    13 ||    19
       Short sword       |    12 |    70 ||    82
       Punch             |     3 |     1 ||     4
       Unarmed           |     3 |       ||     3
       Falchion          |       |    55 ||    55
 Cast: Magic Dart        |    57 |    10 ||    67
  Use: Potion            |     2 |       ||     2
       Scroll            |       |     2 ||     2
 Stab: Sleeping          |     5 |     3 ||     8
       Distracted        |       |     1 ||     1
Armor: Robe              |    26 |    56 ||    82
       Skin              |    37 |       ||    37
Dodge: Dodged            |    71 |    83 ||   154

Table legend: (Time is in decaauts)
 A = Elapsed time spent in this place.
 B = Non-inter-level travel time spent in this place.
 C = Inter-level travel time spent in this place.
 D = Time resting spent in this place.
 E = Time spent auto-exploring this place.
 F = Levels seen in this place.
 G = Mean time per level.
                   A        B        C        D        E       F      G
               +--------+--------+--------+--------+--------+-----+--------+
         Total |   3750 |   3630 |    120 |      0 |   2854 |   3 | 1250.0 |
       Dungeon |   3750 |   3630 |    120 |      0 |   2854 |   3 | 1250.0 |
               +--------+--------+--------+--------+--------+-----+--------+

Top non-repeatable levels by time:
     D:3: 1438 daAuts
     D:1: 1271 daAuts
     D:2: 1041 daAuts
